 Dungeon Crawl Stone Soup version 0.32-a0-891-gc41d80381e (webtiles) character file.

Game seed: 12817162840685414127

2775 P0WERM0DE the Fighter (level 9, -7/67 HPs)
             Began as a Coglin Chaos Knight on Apr 3, 2024.
             Was a Plaything of Xom.
             Constricted to death by a larval fireweird beast (9 damage)
             ... on level 9 of the Dungeon.
             The game lasted 00:11:04 (2669 turns).

P0WERM0DE the Fighter (Coglin Chaos Knight)         Turns: 2669, Time: 00:11:05

Health: -7/67      AC:  6    Str: 16    XL:     9   Next: 70%
Magic:  9/9        EV:  0    Int: 18    God:    Xom [.....*]
Gold:   206        SH:  0    Dex: 12    Spells: 4/8 levels left

rFire   . . .        a - +3 broad axe (elec) {Hugo}
rCold   . . .        g - +5 hand axe {Yamquzzuhalamma}
rNeg    . . .        b - +2 leather armour
rPois   .            (no helmet)
rElec   .            l - +0 cloak
rCorr   .            (no gloves)
SInv    .            (no boots)
Will    .....        (amulet unavailable)
Stlth   +            (ring unavailable)
HPRegen 0.31/turn    (ring unavailable)
MPRegen 0.11/turn    (no gizmo)

%: clarity
@: lethally poisoned (-7 -> -13), constricted, revved
A: off-hand wielding, slow wielding, warmup strikes, no jewellery, clarity,
clever 1, deterioration 1, frail 1, strong 1
a: Invent Gizmo, Renounce Religion


You were on level 9 of the Dungeon.
You worshipped Xom.
You were Xom's teddy bear.
You visited 2 branches of the dungeon, and saw 10 of its levels.

You collected 206 gold pieces.

Inventory:

Hand Weapons
 a - a +3 broad axe of electrocution (weapon) {Hugo}
   (You acquired it on level 3 of the Dungeon)
 g - a +5 hand axe (offhand) {Yamquzzuhalamma}
   (You found it on level 1 of the Dungeon)
 v - a +1 spear of pain
   (You found it on level 8 of the Dungeon)
Missiles
 k - 3 poisoned darts (quivered)
Armour
 b - a +2 leather armour (worn)
 l - a +0 cloak (worn)
   (You found it on level 7 of the Dungeon)
Wands
 d - a wand of roots (3)
   (You took it off Ijyb on level 4 of the Dungeon)
 i - a wand of mindburst (31)
   (You found it on level 4 of the Dungeon)
 x - a wand of paralysis (4)
   (You found it on level 8 of the Dungeon)
Scrolls
 c - 2 scrolls of butterflies
 e - 2 scrolls of vulnerability
 h - a scroll of immolation {unknown}
 j - 2 scrolls of fog
 p - a scroll of noise {unknown}
 q - a scroll of revelation {unknown}
 s - a scroll of amnesia {unknown}
 t - 3 scrolls of teleportation
 u - a scroll of enchant armour {unknown}
 y - a scroll of fear {unknown}
 z - 2 scrolls of blinking
Potions
 f - a potion of enlightenment
 m - a potion of attraction {unknown}
 n - a potion of brilliance {unknown}
 o - a potion of ambrosia
 w - a potion of heal wounds


   Skills:
 * Level 8.6 Fighting
 * Level 8.5 Axes
 - Level 1.7 Armour
 - Level 0.8 Dodging
 * Level 8.3 Evocations


You had 4 spell levels left.
You knew the following spells:

 Your Spells              Type           Power      Damage    Failure   Level
r - Animate Dead          Necr           0%         N/A       95%         4

Your spell library contained the following spells:

 Spells                   Type           Power      Damage    Failure   Level
 Summon Small Mammal      Summ           0%         N/A       26%         1
 Call Canine Familiar     Summ           0%         N/A       63%         3
 Sigil of Binding         Hex            0%         N/A       63%         3
 Anguish                  Hex/Necr       0%         N/A       95%         4
 Cause Fear               Hex            0%         N/A       95%         4
 Summon Blazeheart Golem  Fire/Summ      0%         N/A       95%         4
 Death Channel            Necr           0%         N/A       100%        6
 Sculpt Simulacrum        Ice/Alch       0%         N/A       100%        6
 Enfeeble                 Hex            0%         N/A       100%        7
 Haunt                    Necr/Summ      0%         N/A       100%        7
 Infestation              Necr           0%         N/A       100%        8


Dungeon Overview and Level Annotations

Branches:
Dungeon (9/15)             Temple (1/1) D:4
   Lair: D:8-11         Orc: D:9-12

Altars:
Ashenzari
Cheibriados
Dithmenos
Elyvilon
Fedhas
Hepliaklqana
Kikubaaqudgha
Makhleb
Nemelex Xobeh
Okawaru
Ru
Trog
Vehumet
Wu Jian
Xom
Yredelemnul
Zin
The Shining One

Shops:
D:7 *   D:8 [


Innate Abilities, Weirdness & Mutations

You can wield a second weapon in your off-hand.
It takes a long time for you to wield or remove held weapons.
Your first few attacks do less damage.
You cannot equip rings or amulets.
You possess an exceptional clarity of mind.
Your mind is acute. (Int +4, Str/Dex -1)
Your body sometimes deteriorates upon taking damage.
You are frail. (-10% HP)
Your muscles are strong. (Str +4, Int/Dex -1)


Message History

The larval stingfire beast stings you.
You are more poisoned.
The larval stingfire beast poisons you!
The larval fireweird beast breathes flames at you.
The blast of flame misses you.
You see here a mutant beast corpse.
You hit the larval fireweird beast but do no damage.
You barely miss something with your +3 broad axe of electrocution.
You hit the larval stingfire beast with your +3 broad axe of electrocution.
You hit the larval fireweird beast with your +5 hand axe.
You slash the larval stingfire beast with your +5 hand axe!
You miss something with your +5 hand axe.
You feel very sick. Something hits you but does no damage.
The larval stingfire beast hits you.
The larval stingfire beast closely misses you.
The larval fireweird beast hits you but does no damage.
The larval fireweird beast grabs you.
The larval fireweird beast constricts you.
You are too injured to fight recklessly!
You hit the larval stingfire beast but do no damage.
The larval stingfire beast is severely wounded.
You hit the larval fireweird beast but do no damage.
You barely miss something with your +5 hand axe.
You hit the larval stingfire beast with your +3 broad axe of electrocution.
You hit the larval fireweird beast but do no damage.
You barely miss something with your +3 broad axe of electrocution.
You feel sick.
You hear some strange, mumbled words.
A magic dart appears from out of thin air!
The magic dart hits you!
The orc wizard mumbles some strange words.
The orc wizard flickers and vanishes!
The larval stingfire beast breathes flames at you.
The blast of flame hits you!
* * * LOW HITPOINT WARNING * * *
The larval fireweird beast hits you.
* * * LOW HITPOINT WARNING * * *
The larval fireweird beast constricts you!
You die...
Xom snickers!

.........# #........#
##........# #...D.....###
#...o........ #....{....#
#...HH....# #...{@....#
#####)##### #.# #.##
+####### #..# .......#
##†#
.......##########.######
.....<.'...†.............
.......##########.#######


You could see 2 mutant beasts, an acid dragon and an orc.

Vanquished Creatures
  A two-headed ogre (D:8)
  A steam dragon (shapeshifter) (D:9)
  2 ice beasts (D:5)
  A black bear (D:5)
  An ogre (D:5)
  2 phantoms
  A bullfrog (D:6)
  3 scorpions
  3 wights (D:7)
  3 killer bees (D:9)
  4 howler monkeys
  3 hounds
  A bombardier beetle (D:4)
  A gnoll bouda (D:5)
  4 sleepcaps
  A jelly (D:7)
  5 orc priests
  Ijyb (D:4)
  3 iguanas (D:5)
  6 orc wizards
  A mutant beast (D:9)
  4 adders
  4 gnolls (D:5)
  2 ufetubi (D:6)
  A dart slug (D:4)
  4 ribbon worms
  25 orcs
  6 ball pythons
  4 bats
  4 endoplasms
  2 giant cockroaches (D:1)
  4 goblins
  7 hobgoblins
  7 kobolds
  A quokka (shapeshifter) (D:5)
  3 quokkas
  2 frilled lizards
  2 rats (D:1)
130 creatures vanquished.

Notes
Turn   | Place    | Note
-------+----------+-------------------------------------------
     0 | D:1      | P0WERM0DE the Coglin Chaos Knight began the quest for the
                  | Orb.
     0 | D:1      | Reached XP level 1. HP: 18/18 MP: 1/1
    16 | D:1      | XOM: silly message
    18 | D:1      | XOM: 1-stop teleportation journey
    54 | D:1      | Reached XP level 2. HP: 24/24 MP: 2/2
    85 | D:1      | XOM: silly message
   200 | D:1      | XOM: 2-stop teleportation journey
   263 | D:1      | Reached XP level 3. HP: 25/29 MP: 3/3
   402 | D:2      | Noticed a scorpion
   407 | D:2      | Killed a scorpion
   408 | D:2      | Reached XP level 4. HP: 37/37 MP: 4/4
   437 | D:3      | Identified a scroll of acquirement
   440 | D:3      | Acquired a +1 broad axe of electrocution
   501 | D:2      | XOM: 3-stop teleportation journey
   776 | D:4      | Reached XP level 5. HP: 41/43 MP: 5/5
   836 | D:4      | Found an ornate altar of the Wu Jian Council.
   836 | D:4      | Found a staircase to the Ecumenical Temple.
   836 | D:4      | XOM: 2-stop teleportation journey
   836 | D:4      | Noticed a phantom
   844 | D:4      | Reached skill level 5 in Fighting
   844 | D:4      | Reached skill level 5 in Axes
   844 | D:4      | Reached XP level 6. HP: 29/51 MP: 6/6
   868 | Temple   | Entered the Ecumenical Temple
   895 | D:4      | Noticed Ijyb
   900 | D:4      | Killed Ijyb
   918 | D:4      | Reached skill level 1 in Evocations
   983 | D:4      | Reached XP level 7. HP: 53/57 MP: 7/7
  1059 | D:5      | Entered Level 5 of the Dungeon
  1068 | D:5      | XOM: blink monster(s)
  1161 | D:5      | XOM: god gift: shiny silver ring {god gift}
  1365 | D:5      | XOM: 1-stop teleportation journey
  1562 | D:5      | a quokka changed into a shapeshifter
  1562 | D:5      | Noticed a shapeshifter (shapeshifter)
  1562 | D:5      | XOM: polymorph quokka -> shapeshifter
  1562 | D:5      | a shapeshifter changed into a jackal
  1600 | D:5      | Reached XP level 8. HP: 57/65 MP: 8/8
  1623 | D:5      | Reached skill level 5 in Evocations
  1725 | D:5      | XOM: give mutations
  1725 | D:5      | Gained mutation: You are frail. (-10% HP) [Xom's mischief]
  1725 | D:5      | Gained mutation: Your muscles are strong. (Str +4, Int/Dex
                  | -1) [Xom's mischief]
  1725 | D:5      | Gained mutation: Your mind is acute. (Int +4, Str/Dex -1)
                  | [Xom's mischief]
  1725 | D:5      | Gained mutation: Your body sometimes deteriorates upon
                  | taking damage. [Xom's mischief]
  1728 | D:5      | XOM: draining
  1999 | D:7      | XOM: silly message
  2014 | D:7      | XOM: noise
  2040 | D:7      | XOM: fog
  2054 | D:7      | XOM: give mutation
  2054 | D:7      | Gained mutation: You possess an exceptional clarity of
                  | mind. [Xom's mischief]
  2284 | D:7      | Found an ancient bone altar of Kikubaaqudgha.
  2327 | D:7      | Reached XP level 9. HP: 64/64 MP: 9/9
  2386 | D:7      | Found Bemacat's Clear Minds Boutique.
  2412 | D:7      | Learned a level 4 spell: Animate Dead
  2423 | D:7      | Found a white marble altar of Elyvilon.
  2514 | D:8      | Found a snail-covered altar of Cheibriados.
  2526 | D:8      | Noticed a two-headed ogre
  2534 | D:8      | Killed a two-headed ogre
  2567 | D:8      | Found Xanen's Armour Shop.
  2647 | D:9      | a bullfrog changed into a glowing shapeshifter
  2647 | D:9      | Noticed a glowing shapeshifter (glowing shapeshifter)
  2647 | D:9      | XOM: polymorph bullfrog -> glowing shapeshifter
  2647 | D:9      | a glowing shapeshifter changed into a ball python
  2669 | D:9      | HP: 2/67 [larval fireweird beast (4)]
  2669 | D:9      | Constricted to death by a larval fireweird beast

Illustrated notes

Levels and vault maps discovered:
D:1:      dpeg_arrival_round_b, layout_basic
D:2:      layout_loops_corners
D:3:      layout_loops_cross, serial_shops, shop, uniq_jessica
D:4:      layout_loops_ring, nzn_wu_jian_council_hall,
          minmay_temple_entry_slanted, uniq_ijyb
D:5:      layout_basic
D:6:      layout_loops_ring, grunt_ministairs_9, nicolae_nh_ransacked_shop
D:7:      layout_basic, kennysheep_little_box, lemuel_doored_altar,
          grunt_temple_overflow_diamond, nicolae_clarity_for_sale
D:8:      layout_loops_cross, slow_altar_2, serial_shops, kennysheep_mini_moat
D:9:      layout_roguey [special_room_orc], nicolae_beast_mode, uniq_harold
Temple:   eino_temple_water

Skill      XL: |  1  2  3  4  5  6  7  8  9 |
---------------+----------------------------+-----
Fighting       | 4 5 6 7 8 |  8.6
Axes           | 4 5 6 7 8 |  8.5
Evocations     | 1 4 6 8 |  8.3
Armour         | |  1.7
Dodging        | |  0.8

Action                     |  1- 3 |  4- 6 |  7- 9 || total
---------------------------+-------+-------+-------++-------
  Melee: Hand axe          |    64 |    43 |   119 ||   226
         Dagger            |    20 |       |       ||    20
         Broad axe         |       |    41 |   125 ||   166
  Evoke: Wand              |       |       |    13 ||    13
    Use: Scroll            |       |     6 |     6 ||    12
         Potion            |       |     3 |     1 ||     4
   Stab: Sleeping          |     1 |     1 |       ||     2
         Paralysed         |       |       |     3 ||     3
 Armour: Leather armour    |    25 |    32 |   108 ||   165
  Dodge: Dodged            |    29 |    22 |    85 ||   136

Table legend: (Time is in decaauts)
 A = Elapsed time spent in this place.
 B = Non-inter-level travel time spent in this place.
 C = Inter-level travel time spent in this place.
 D = Time resting spent in this place.
 E = Time spent auto-exploring this place.
 F = Levels seen in this place.
 G = Mean time per level.
                   A        B        C        D        E       F      G
               +--------+--------+--------+--------+--------+-----+--------+
         Total |   2699 |   2629 |     70 |    326 |    226 |  10 |  269.9 |
       Dungeon |   2691 |   2621 |     70 |    326 |    226 |   9 |  299.0 |
        Temple |      7 |      7 |      0 |      0 |      0 |   1 |    7.0 |
               +--------+--------+--------+--------+--------+-----+--------+

Top non-repeatable levels by time:
     D:5: 765 daAuts
     D:2: 334 daAuts
     D:1: 321 daAuts
     D:7: 317 daAuts
     D:6: 308 daAuts
     D:4: 296 daAuts
     D:8: 191 daAuts
     D:3: 112 daAuts
     D:9: 44 daAuts
  Temple: 7 daAuts
